 Dungeon Crawl Stone Soup version 0.29.0-4-gdea44cf6ec (webtiles) character file.

Game seed: 12793940250629784805

79 qw the Chopper (level 4, -1/26 HPs)
             Began as a Tengu Warper on Aug 28, 2022.
             Slain by an endoplasm (2 damage)
             ... on level 3 of the Dungeon.
             The game lasted 00:00:14 (2684 turns).

qw the Chopper (Tengu Warper)                       Turns: 2684, Time: 00:00:14

Health: -1/26      AC:  7    Str: 13    XL:     4   Next: 38%
Magic:  8/8        EV: 12    Int: 14    God:
Gold:   127        SH:  0    Dex: 13    Spells: 7/7 levels left

rFire   . . .      SeeInvis .   Y - +0 hand axe
rCold   . . .      Faith    .   (no shield)
rNeg    . . .      Spirit   .   b - +0 leather armour
rPois   .          Reflect  .   (helmet restricted)
rElec   .          Harm     .   (no cloak)
rCorr   .          Rampage  .   (no gloves)
Will    .....                   (boots unavailable)
Stlth   +.........              (no amulet)
HPRegen 0.08/turn               j - +4 ring of protection
MPRegen 0.11/turn               (no ring)

@: slowed, very slow
A: beak, talons 3
a: no special abilities


You were on level 3 of the Dungeon.
You visited 1 branch of the dungeon, and saw 3 of its levels.

You collected 127 gold pieces.


Innate Abilities, Weirdness & Mutations

You have a beak for a mouth.
You have claws for feet.


   Skills:
 - Level 2.0 Fighting
 + Level 5.0 Axes
 - Level 1.0 Throwing
 - Level 1.1 Armour
 - Level 2.1 Dodging
 - Level 2.0 Spellcasting
 - Level 2.4 Translocations


You had 7 spell levels left.
You didn't know any spells.
Your spell library contained the following spells:

 Spells                   Type           Power      Damage    Failure   Level
 Blink                    Tloc           16%        N/A       17%         2
 Gell's Gravitas          Tloc           8%         N/A       34%         3
 Lesser Beckoning         Tloc           8%         N/A       34%         3
 Teleport Other           Tloc           8%         N/A       34%         3
 Manifold Assault         Tloc           8%         N/A       97%         5

Inventory:

Hand Weapons
 i - a +0 whip
 Y - a +0 hand axe (weapon)
Armour
 b - a +0 leather armour (worn)
 f - a +0 ring mail
Jewellery
 j - a +4 ring of protection (left hand)
Scrolls
 c - a scroll of identify
 d - a scroll of enchant weapon {unknown}
 e - a scroll of brand weapon {unknown}
Potions
 a - 3 potions of might
 g - 2 potions of magic {unknown}
 h - a potion of curing
 k - a potion of degeneration {unknown}
 l - a potion of attraction {unknown}

Dungeon Overview and Level Annotations

Branches:
Dungeon (3/15)

Altars:

Annotations:
D:3 Natasha


Message History

Found a stone staircase leading down.
i - a +0 whip
Things that are here:
a +0 trident; a +0 leather armour; a kobold corpse
2621 ||| DROPPING +0 club.
You drop a +0 club.
Found 3 scrolls of amnesia.
e - a scroll labelled JUTEL YSEWIARU
k - a pink potion Natasha, Servant of Life and Death comes into view.
Enter note: An endoplasm comes into view.
Natasha claws you but does no damage.
You completely miss Natasha. You claw Natasha.
Natasha is moderately wounded.
Natasha drinks a potion.
Natasha seems to speed up.
You barely miss Natasha. Your kick misses Natasha.
Natasha is moderately wounded.
You hit the endoplasm but do no damage. Natasha casts a spell at you.
You feel yourself slow down. The endoplasm freezes you.
You are frozen.
Natasha claws you! The endoplasm freezes you.
You are frozen.
You hit Natasha. Your peck misses Natasha.
Natasha is heavily wounded.
You hit the endoplasm. Natasha casts a spell at you.
You feel as though you will be slow longer.
Natasha mumbles some strange words.
The endoplasm closely misses you. Natasha casts a spell at you.
The magic dart hits you!
You hit Natasha but do no damage. You peck Natasha, but do no damage.
Natasha is heavily wounded.
You hit the endoplasm. Natasha closely misses you. The endoplasm misses you.
Natasha mumbles some strange words.
The endoplasm hits you.
You die...

## ## ... .# ..
..# .# .. ##.#
.## #.. ... ..
#.## #.# 5#
#.##.##.##J#
######.##....5@h#
....#...####.####
#...........#
###...##.##.#
##.###.# .#
##...##.# .#
#.....#.# .#
##....#.#.##
##.#.#.#.#


You could see Natasha (fast), a white imp (summoned), a shadow imp (summoned)
and an endoplasm.

Vanquished Creatures
  An adder (D:2)
  A worm (D:2)
  3 dart slugs
  An orc (D:3)
  6 ball pythons
  9 endoplasms
  2 giant cockroaches
  7 goblins
  5 hobgoblins
  2 jackals (D:2)
  6 kobolds
  A quokka (D:1)
  6 bats
  4 rats
54 creatures vanquished.

Vanquished Creatures (others)
  2 fungi (D:1)
2 creatures vanquished.

Grand Total: 56 creatures vanquished

Notes
Turn   | Place    | Note
-------+----------+-------------------------------------------
     0 | D:1      | qw the Tengu Warper began the quest for the Orb.
     0 | D:1      | Reached XP level 1. HP: 12/12 MP: 4/4
     0 | D:1      | 0 ||| qw: Version: 0.1-a-89-g26bdef1
     0 | D:1      | 0 ||| qw: Game counter: 1616
     0 | D:1      | 0 ||| qw: Always use a shield: true
     0 | D:1      | 0 ||| qw: God list: Okawaru
     0 | D:1      | 0 ||| qw: Allow faded altars: false
     0 | D:1      | 0 ||| qw: Do Orc after D:15 true
     0 | D:1      | 0 ||| qw: Do second Lair branch before Depths: true
     0 | D:1      | 0 ||| qw: Lair rune preference: random
     0 | D:1      | 0 ||| qw: Plans: Normal
     0 | D:1      | 0 ||| PLANNING D:1-11
   147 | D:1      | Reached skill level 3 in Axes
   147 | D:1      | Reached XP level 2. HP: 17/17 MP: 6/6
   831 | D:1      | Reached XP level 3. HP: 14/21 MP: 7/7
  1063 | D:1      | Reached skill level 4 in Axes
  1372 | D:1      | 1372 ||| UPGRADING to +4 ring of protection.
  1373 | D:1      | 1373 ||| READING scroll labelled KIRI CUXASCH.
  1374 | D:1      | 1374 ||| READING scroll labelled BULAAS XYUR.
  1375 | D:1      | 1375 ||| READING scroll labelled CUITAS SUSUV.
  1380 | D:1      | 1380 ||| READING scroll labelled TAMEMO BUASOIW.
  1381 | D:1      | 1381 ||| READING scroll labelled JUCZOL CINTOOW.
  1382 | D:1      | 1382 ||| DRINKING 2 emerald potions.
  1383 | D:1      | 1383 ||| DROPPING scroll of blinking.
  1427 | D:2      | Found a faded altar of an unknown god.
  1939 | D:2      | Reached XP level 4. HP: 26/26 MP: 8/8
  2053 | D:2      | 2053 ||| Stepping ~*~*~tactically~*~*~ (stealth).
  2063 | D:2      | 2063 ||| Stepping ~*~*~tactically~*~*~ (stealth).
  2069 | D:2      | 2069 ||| Stepping ~*~*~tactically~*~*~ (stealth).
  2070 | D:2      | 2070 ||| Stepping ~*~*~tactically~*~*~ (stealth).
  2414 | D:2      | 2414 ||| DRINKING 3 dark potions.
  2618 | D:3      | Reached skill level 5 in Axes
  2621 | D:3      | 2621 ||| DROPPING +0 club.
  2678 | D:3      | Noticed Natasha
  2683 | D:3      | HP: 1/26 [Natasha/magic dart (9)]
  2684 | D:3      | Slain by an endoplasm

Levels and vault maps discovered:
D:1:      mrwooster_arrival_statue, layout_basic, dreamdust_mushroom_princess,
          minmay_pentomino_v4
D:2:      layout_loops_corners, shapermc_ecumenical_altar_rom_forum, hex_tiny,
          kennysheep_minor_cross, chequers_serial_rivers_marsh
D:3:      gammafunk_steamed_eel, layout_loops_ring,
          nicolae_overflow_ecumenical_swirl, uniq_natasha

Skill      XL: |  1  2  3  4 |
---------------+-------------+-----
Axes           | 3 4 5 |  5.0
Fighting       | |  2.0
Throwing       | |  1.0
Armour         | |  1.1
Dodging        | |  2.1
Spellcasting   | |  2.0
Translocations | |  2.4

Action                   |  1- 3 |  4- 6 || total
-------------------------+-------+-------++-------
Melee: Hand axe          |    92 |    29 ||   121
       Kick              |    19 |     5 ||    24
       Peck              |    16 |     4 ||    20
Throw: Boomerang         |     7 |       ||     7
  Use: Scroll            |     5 |       ||     5
       Potion            |     1 |     1 ||     2
Armor: Leather armour    |    25 |     8 ||    33
Dodge: Dodged            |    38 |    22 ||    60

Table legend:
 A = Non-vault XP
 B = Vault XP
 C = Vault XP percentage of total XP
 D = Non-vault monster count
 E = Vault monster count
 F = Vault count percentage of total count
                 A         B        C        D         E       F
            +---------+---------+-------+---------+---------+-------
      Total |     107 |       7 |   6.1 |      49 |       5 |   9.3
            +---------+---------+-------+---------+---------+-------
        D:1 |      41 |       7 |  14.6 |      22 |       5 |  18.5
        D:2 |      45 |       0 |   0.0 |      16 |       0 |   0.0
        D:3 |      21 |       0 |   0.0 |      11 |       0 |   0.0
            +---------+---------+-------+---------+---------+-------
